 Dungeon Crawl Stone Soup version 0.17-a0-2220-g6fea741 (webtiles) character file.

196 kosy22 the Caller (level 5, -8/38 HPs)
             Began as a Hill Orc Summoner on Oct 27, 2015.
             Mangled by a small abomination (13 damage)
             ... summoned by miscasting Summon Ice Beast
             ... on level 3 of the Dungeon on Oct 28, 2015.
             The game lasted 00:19:47 (3489 turns).

kosy22 the Caller (Hill Orc Summoner)               Turns: 3489, Time: 00:19:48

Health: -8/38      AC:  3    Str: 11    XL:     5   Next: 74%
Magic:  5/9        EV: 12    Int: 16    God:
Gold:   124        SH:  0    Dex: 11    Spells: 4 memorised, 0 levels left

rFire  . . .     SeeInvis .     u - +0 dagger
rCold  . . .     Clarity  +     a - +0 robe
rNeg   . . .     SustAt   .     (no shield)
rPois  .         Gourm    .     (no helmet)
rElec  .         Spirit   .     (no cloak)
rCorr  .         Warding  .     c - +0 pair of gloves
rMut   .         Stasis   .     (no boots)
MR     .....                    s - amulet of clarity
Stlth  ++........               (no ring)
                                (no ring)

@: about to teleport, very slightly contaminated, not resistant to hostile
enchantments, unstealthy
A: no striking features
a: no special abilities


You were on level 3 of the Dungeon.
You were not hungry.

You visited 1 branch of the dungeon, and saw 3 of its levels.

You collected 124 gold pieces.

Inventory:

Hand Weapons
 k - a +0 hunting sling
 u - a +0 dagger (weapon)
Missiles
 j - 27 stones (quivered)
Armour
 a - a +0 robe (worn)
 c - a +0 pair of gloves (worn)
Jewellery
 s - an amulet of clarity (around neck)
Wands
 r - a wand of digging (11)
Scrolls
 d - a scroll of enchant weapon {unknown}
 l - a scroll of identify
Potions
 e - a potion of heal wounds
 f - 2 potions of curing
 g - a potion of haste
 m - a potion of cure mutation {unknown}
 p - a potion of brilliance
 q - a potion of resistance {unknown}
 t - a potion of degeneration {unknown}
Books
 b - a book of Callings

   Spells                             Type                      Level
   a - Summon Small Mammal            Summoning                    1
   b - Call Imp                       Summoning                    2
   c - Call Canine Familiar           Summoning                    3
   d - Summon Guardian Golem          Hexes/Summoning              3
   e - Summon Lightning Spire         Summoning/Air                4
   f - Summon Ice Beast               Ice/Summoning                4
Comestibles
 h - a meat ration


   Skills:
 + Level 0.2 Fighting
 + Level 0.8 Slings
 + Level 1.8 Dodging
 + Level 1.6 Stealth
 + Level 3.3 Spellcasting
 + Level 5.1 Summonings


You couldn't memorise any spells.
You knew the following spells:

 Your Spells              Type           Power        Failure   Level  Hunger
a - Summon Small Mammal   Summ           ###.         2%          1    None
b - Call Imp              Summ           ###.....     4%          2    ##.....
c - Call Canine Familiar  Summ           ###.....     10%         3    ###....
d - Summon Ice Beast      Ice/Summ       ##......     75%         4    ####...


Dungeon Overview and Level Annotations

Branches:
Dungeon (3/15)

Altars:
Elyvilon


Message History

The small abomination hits you but does no damage.
Read which item? (? for menu, Esc to quit)
As you read the scroll labeled QEDGHI PORPHIM, it crumbles to dust.
You feel aware of your surroundings.
You sensed 1 altar.
It was a scroll of magic mapping.
The small abomination misses you. The small abomination misses you. x2
Read which item? (? for menu, Esc to quit)
As you read the scroll labeled KYAMIM ZUZXUN, it crumbles to dust.
You feel strangely unstable.
It was a scroll of teleportation.
The small abomination hits you!
The small abomination barely misses you.
Read which item? (? for menu, Esc to quit)
Okay, then.
You hit the small abomination but do no damage.
The small abomination closely misses you.
The small abomination hits you!!
Ouch! That really hurt!
* * * LOW HITPOINT WARNING * * *
The small abomination hits you!
You die...

#############
#.....†......
###.###########
#..............
#######.###.#########
#.......# #..........
#.#####.###.###.#.#..
#.xx@xb.............#
#..######.........)..
#.,* #.#####.#.#.# #,,*
#.# #.#.#.. *,,* #.#
#.#.###
*,,*****#.#####.#.#
***,,,,,,,.........<#
*,,,,,****#.....#.#.#**
*,***,* *###*,###...*


You could see 3 small abominations and a bat.

Vanquished Creatures
  2 adders (D:2)
  A giant cockroach (D:2)
  A hobgoblin (D:1)
  A jackal (D:1)
  4 bats
  A giant newt (D:2)
  3 goblins (D:2)
  A rat (D:2)
14 creatures vanquished.

Vanquished Creatures (collateral kills)
  Grinder (D:3)
  Natasha (D:2)
  A gnoll (D:1)
  4 adders (D:2)
  A worm (D:2)
  2 ball pythons
  4 bats
  5 goblins
  7 hobgoblins
  A jackal (D:1)
  2 quokkas (D:2)
  A giant cockroach (D:1)
  A giant newt (D:1)
  11 kobolds
  6 rats (D:1)
48 creatures vanquished.

Grand Total: 62 creatures vanquished

Notes
Turn   | Place    | Note
--------------------------------------------------------------
     0 | D:1      | kosy22 the Hill Orc Summoner began the quest for the Orb.
     0 | D:1      | Reached XP level 1. HP: 14/14 MP: 3/3
     3 | D:1      | Noticed an electric eel
     3 | D:1      | Noticed an electric eel
    61 | D:1      | Upgraded the game from 0.17-a0-2215-g49c1de0 to 0.17-a0-2220-g6fea741
   161 | D:1      | Reached XP level 2. HP: 2/20 MP: 1/4
   400 | D:1      | Learned a level 2 spell: Call Imp
  1210 | D:1      | Reached XP level 3. HP: 23/26 MP: 1/6
  1657 | D:2      | Learned a level 3 spell: Call Canine Familiar
  1954 | D:2      | Found a white marble altar of Elyvilon.
  2033 | D:2      | Reached XP level 4. HP: 33/33 MP: 3/7
  2218 | D:2      | Noticed Natasha
  2230 | D:2      | Killed Natasha
  3092 | D:3      | Noticed Grinder
  3119 | D:3      | Paralysed by Grinder for 2 turns
  3161 | D:3      | Paralysed by Grinder for 4 turns
  3167 | D:3      | Killed Grinder
  3167 | D:3      | Reached skill level 5 in Summonings
  3167 | D:3      | Reached XP level 5. HP: 18/38 MP: 1/9
  3397 | D:3      | Learned a level 4 spell: Summon Ice Beast
  3484 | D:3      | Noticed a small abomination
  3484 | D:3      | Noticed a small abomination
  3489 | D:3      | Mangled by a small abomination

Vault maps used:
D:1:      arrival_aquarium_b, solitary_fountain, minivault_27
D:2:      marbit_many_paths, uniq_natasha
D:3:      nicolae_qazlal_style_of_elements, uniq_grinder

Action                   |  1- 3 |  4- 6 || total
-------------------------+-------+-------++-------
Melee: Unarmed           |    21 |       ||    21
       Short sword       |     6 |       ||     6
       Dagger            |       |    13 ||    13
 Fire: Hunting sling     |     8 |    29 ||    37
Throw: Stone             |     4 |       ||     4
 Cast: Summon Small Mamm |    29 |     6 ||    35
       Call Imp          |    20 |    13 ||    33
       Call Canine Famil |     3 |    10 ||    13
  Use: Potion            |       |     5 ||     5
       Scroll            |       |     4 ||     4
  Eat: Bread ration      |     1 |     1 ||     2
       Chunk             |     1 |       ||     1
       Meat ration       |       |     1 ||     1
